 Dungeon Crawl Stone Soup version 0.29-a0-857-g9b1aa3ac5b (webtiles) character file.

Game seed: 1066930906208222625

11 Spectrina the Magician (level 2, -2/22 HPs)
             Began as a Djinni Arcane Marksman on July 16, 2022.
             Was a Follower of Nemelex Xobeh.
             Slain by a goblin
             ... wielding a +0 club
              (4 damage)
             ... on level 1 of the Dungeon.
             The game lasted 00:03:28 (239 turns).

Spectrina the Magician (Djinni Arcane Marksman)      Turns: 239, Time: 00:03:28

Health: -2/22      AC:  3    Str:  9    XL:     2   Next: 35%
Gold:   19         EV: 12    Int: 14    God:    Nemelex Xobeh [*.....] SH:  0 Dex: 13

rFire   + + .      SeeInvis .   f - +0 dagger
rCold   x . .      Faith    .   (no shield)
rNeg    . . .      Spirit   .   c - +0 robe
rPois   ∞          Reflect  .   (no helmet)
rElec   .          Harm     .   (no cloak)
rCorr   .          Rampage  .   h - +0 pair of gloves
Will    .....                   (boots unavailable)
Stlth   +.........              (no amulet)
HPRegen 0.07/turn               (no ring)
MPRegen 0.00/turn               (no ring)

@: flying
A: sickness immunity, fire resistance 2, cold vulnerability 1, float, innate
caster, HP casting, extra vitality 1
a: Renounce Religion, Draw Escape, Draw Destruction, Draw Summoning


You were on level 1 of the Dungeon.
You worshipped Nemelex Xobeh.
Nemelex Xobeh was aware of your devotion.
You visited 1 branch of the dungeon, and saw 2 of its levels.

You collected 19 gold pieces.

Inventory:

Hand Weapons
 a - a +0 sling
 f - a +0 dagger (weapon)
Missiles
 i - 2 boomerangs
Armour
 c - a +0 robe (worn)
 h - a +0 pair of gloves (worn)
Scrolls
 b - a scroll of vulnerability
 d - a scroll of enchant armour {unknown}
 e - a scroll of identify {unknown}
 g - 2 scrolls of magic mapping {unknown}


   Skills:
 - Level 1.0 Fighting
 - Level 1.5 Ranged Weapons
 - Level 2.1 Dodging
 + Level 2.9 Spellcasting
 + Level 0.1 Invocations


You couldn't memorise any spells.
You knew the following spells:

 Your Spells              Type           Power      Damage    Failure   Level
a - Slow                  Hex            40%        N/A       6%          1
i - Inner Flame           Hex/Fire       10%        N/A       19%         3
m - Cause Fear            Hex            5%         N/A       54%         4
y - Portal Projectile     Hex/Tloc       20%        N/A       19%         3
Your spell library was empty.

Dungeon Overview and Level Annotations

Branches:
Dungeon (2/15)

Altars:
Nemelex Xobeh


Innate Abilities, Weirdness & Mutations

You are immune to sickness and miasma.
You are immune to poison.
Your flesh is very heat resistant. (rF++)
You are vulnerable to cold. (rC-)
You float through the air rather than walking.
You learn spells naturally, not from books.
Your magical power is your life essence.
You have superior vitality. (+4 MHP)


Message History

Nemelex Xobeh deals you some cards!
You now have 1 escape card, 4 destruction cards and 1 summoning card.
Okay, then.
As you open the door, it creaks loudly!
A hobgoblin comes into view.
The hobgoblin shouts!
There is an open door here.
Unknown command.
You closely miss the hobgoblin. Your punch misses the hobgoblin.
The hobgoblin hits you.
* * * LOW HITPOINT WARNING * * *
You hit the hobgoblin.
The hobgoblin is severely wounded.
The hobgoblin hits you.
* * * LOW HITPOINT WARNING * * *
You hit the hobgoblin.
The hobgoblin is almost dead.
The hobgoblin hits you.
* * * LOW HITPOINT WARNING * * *
You hit the hobgoblin but do no damage.
The hobgoblin is almost dead.
The hobgoblin closely misses you.
You hit the hobgoblin.
You kill the hobgoblin!
Unknown command.
You see here a hobgoblin corpse.
A goblin comes into view. It is wielding a +0 club.
The goblin shouts!
The goblin misses you.
You hit the goblin.
The goblin is severely wounded.
The goblin hits you but does no damage.
You hit the goblin but do no damage.
The goblin is severely wounded.
The goblin barely misses you.
You barely miss the goblin.
The goblin is severely wounded.
The goblin hits you with a +0 club.
You die...
Your body disappears without a glow.

#..... #....#
#########.#..#
###.......#.#..#
##.......†.'####_
##.#..#######.#..#
########.###.### #.#..#
#.......##.##..# #....#
#.#####.@.#..#.#####.....
#.g.#.>......######
#.#....#####.####..
#.##.#.............
#.##.#######.####.#
#.##.# #.# #.# #.# # #.#
#.# .. ... ### #.# #.# #.
#.# #.. .... ..#


You could see a goblin.

Vanquished Creatures
  An endoplasm (D:1)
  A giant cockroach (D:1)
  A goblin (D:1)
  2 hobgoblins (D:1)
  A ball python (D:1)
  A bat (D:1)
  2 kobolds (D:1)
  2 rats (D:1)
11 creatures vanquished.

Notes
Turn   | Place    | Note
-------+----------+-------------------------------------------
     0 | D:1      | Spectrina the Djinni Arcane Marksman began the quest for
                  | the Orb.
     0 | D:1      | Spectrina set off with the following spells memorised:
                  | Slow, Inner Flame, Portal Projectile, Cause Fear.
     0 | D:1      | Reached XP level 1. HP: 17/17 MP: 0/0
    96 | D:1      | Reached XP level 2. HP: 22/22 MP: 0/0
   178 | D:1      | Found a faded altar of an unknown god.
   211 | D:1      | Prayed at the altar of an unknown god.
   211 | D:1      | Became a worshipper of Nemelex Xobeh the Trickster
   211 | D:1      | Reached * piety under Nemelex Xobeh
   211 | D:1      | Received a gift from Nemelex Xobeh
   222 | D:1      | HP: 1/22 [hobgoblin (4)]
   239 | D:1      | Slain by a goblin

Illustrated notes

Levels and vault maps discovered:
D:1:      evilmike_arrival_plus, layout_loops_ring,
          shapermc_ecumenical_altar_notcrosses, minmay_split_cup_small
D:2:      layout_loops_ring

Action                   || total
-------------------------++-------
Melee: Dagger            ||    28
 Fire: Sling             ||    35
 Cast: Slow              ||     3
 Stab: Sleeping          ||     1
Armor: Robe              ||    10
Dodge: Dodged            ||    35

Table legend: (Time is in decaauts)
 A = Elapsed time spent in this place.
 B = Non-inter-level travel time spent in this place.
 C = Inter-level travel time spent in this place.
 D = Time resting spent in this place.
 E = Time spent auto-exploring this place.
 F = Levels seen in this place.
 G = Mean time per level.
                   A        B        C        D        E       F      G
               +--------+--------+--------+--------+--------+-----+--------+
         Total |    249 |    249 |      0 |      0 |      0 |   2 |  124.5 |
       Dungeon |    249 |    249 |      0 |      0 |      0 |   2 |  124.5 |
               +--------+--------+--------+--------+--------+-----+--------+

Top non-repeatable levels by time:
     D:1: 216 daAuts
     D:2: 32 daAuts
